 Dungeon Crawl Stone Soup version 0.29-a0-716-gf28ee254f9 (webtiles) character file.

Game seed: 16173354758870729316

467 Conn the Sneak (level 7, -1/63 HPs)
             Began as an Octopode Fire Elementalist on June 26, 2022.
             Was an Initiate of Sif Muna.
             Slain by a killer bee (3 damage)
             ... on level 5 of the Dungeon.
             The game lasted 00:10:52 (4022 turns).

Conn the Sneak (Octopode Fire Elementalist)         Turns: 4022, Time: 00:10:52

Health: -1/63      AC:  1    Str:  4 (7)  XL:     7   Next: 8%
Magic:  9/12       EV: 13    Int: 18 (19) God:    Sif Muna [......]
Gold:   280        SH:  0    Dex: 11 (13) Spells: 0/13 levels left

rFire   . . .      SeeInvis .   b - +0 dagger
rCold   . . .      Faith    .   (no shield)
rNeg    . . .      Spirit   .   (helmet restricted)
rPois   .          Reflect  .   (no amulet)
rElec   .          Harm     .   m - ring of resist corrosion
rCorr   +          Rampage  .   s - ring of flight
Will    .....                   (no ring)
Stlth   ..........              (no ring)
HPRegen 0.20/turn               (no ring)
MPRegen 0.13/turn               (no ring)
                                (no ring)
                                (no ring)

@: berserking, lethally poisoned (-1 -> -13), attractive, flying, very quick
A: almost no armour, amphibious, 8 rings, camouflage 1, gelatinous body 1,
(nimble swimmer 1), tentacles
a: Renounce Religion


You were on level 5 of the Dungeon.
You worshipped Sif Muna.
Sif Muna was noncommittal.
You visited 2 branches of the dungeon, and saw 6 of its levels.

You collected 280 gold pieces.

Inventory:

Hand Weapons
 b - a +0 dagger (weapon)
Missiles
 u - 6 silver javelins (quivered)
Jewellery
 m - a ring of resist corrosion (left tentacle)
 s - a ring of flight (right tentacle)
Scrolls
 c - 4 scrolls of identify {unknown}
 h - a scroll of fear {unknown}
 i - a scroll of enchant weapon {unknown}
 j - a scroll of summoning {unknown}
 k - a scroll of amnesia {unknown}
 l - a scroll of vulnerability {unknown}
 n - a scroll of fog {unknown}
 r - a scroll of magic mapping {unknown}
 t - a scroll of blinking {unknown}
 v - a scroll of acquirement {unknown}
Potions
 a - a potion of magic
 p - a potion of brilliance {unknown}
 q - a potion of lignification {unknown}


   Skills:
 + Level 0.4 Fighting
 + Level 0.7 Short Blades
 + Level 0.1 Throwing
 + Level 2.3 Dodging
 + Level 5.3 Stealth
 + Level 3.9 Spellcasting
 + Level 2.9 Conjurations
 + Level 4.7 Fire Magic


You couldn't memorise any spells.
You knew the following spells:

 Your Spells              Type           Power      Damage    Failure   Level
a - Foxfire               Conj/Fire      68%        2x1d7     3%          1
b - Conjure Flame         Conj/Fire      17%        6-21      10%         3
c - Inner Flame           Hex/Fire       11%        N/A       17%         3
d - Flame Wave            Conj/Fire      17%        2d6       30%         4
e - Scorch                Fire           40%        2d7       3%          2

Your spell library contained the following spells:

 Spells                   Type           Power      Damage    Failure   Level
 Frozen Ramparts          Ice            6%         1d2       41%         3
 Ice Form                 Ice/Tmut       3%         N/A       83%         4
 Summon Ice Beast         Ice/Summ       3%         N/A       83%         4


Dungeon Overview and Level Annotations

Branches:
Dungeon (5/15)             Temple (1/1) D:4

Altars:
Ashenzari
Cheibriados
Elyvilon
Fedhas
Gozag
Hepliaklqana
Kikubaaqudgha
Makhleb
Nemelex Xobeh
Okawaru
Sif Muna
Trog
Uskayaw
Vehumet
Wu Jian
Xom
Yredelemnul
Zin
The Shining One

Shops:
D:4 ?


Innate Abilities, Weirdness & Mutations

You cannot wear most types of armour.
You are amphibious.
You can wear up to eight rings at the same time.
Your skin changes colour to match your surroundings (Stealth+).
Your rubbery body absorbs attacks. (AC +1, EV +1)
((You are camouflaged when in or above water. (Stealth+)))
You have tentacles for arms and can constrict up to eight enemies at once.


Message History

There was something very wrong with that liquid.
You feel weakened.
You feel dopey.
You feel clumsy.
You feel sick. The killer bee completely misses you.
The killer bee closely misses you.
It was a potion of attraction.
You feel attractive to monsters.
You feel sick.
It was a potion of berserk rage.
A red film seems to cover your vision as you go berserk!
You feel yourself moving faster!
You feel mighty!
You feel sick.
The killer bee is no longer more vulnerable to fire.
The killer bee misses you. The killer bee barely misses you.
You barely miss the killer bee. You grab the killer bee.
The killer bee is almost dead.
You constrict the killer bee.
You feel sick. The killer bee stings you.
* * * LOW HITPOINT WARNING * * *
You are lethally poisoned!
The killer bee poisons you! The killer bee closely misses you.
Unknown command.
You closely miss the killer bee. Your grab misses the killer bee.
Your squeeze misses the killer bee.
You constrict the killer bee, but do no damage.
* * * LOW HITPOINT WARNING * * *
You feel sick. The killer bee closely misses you.
The killer bee barely misses you.
Unknown command.
You puncture the killer bee! Your grab misses the killer bee.
The killer bee is heavily wounded.
You constrict the killer bee, but do no damage.
* * * LOW HITPOINT WARNING * * *
You feel sick. The killer bee closely misses you. The killer bee stings you.
* * * LOW HITPOINT WARNING * * *
You are more poisoned.
The killer bee poisons you!
You hit the killer bee.
You kill the killer bee!
Sif Muna accepts your kill.
* * * LOW HITPOINT WARNING * * *
You feel sick. The killer bee barely misses you. The killer bee stings you.
You die...

#..+.....#...#........
#..##...##+###..######
#..##...##..##..#
.<..............#
................#
........###.###.#
♣._.♣♣♣.# #.###.##
♣...♣ ....# #...#
♣♣.♣♣ ...+ #.y@# ...
.+## ###y# ♣♣.♣ #y#
... ... ..< #.)..
#.... #....#


You could see 3 killer bees.

Vanquished Creatures
  A black bear (D:4)
  2 ogres
  A phantom (D:4)
  A killer bee (D:5)
  A howler monkey (D:4)
  3 adders
  2 dart slugs (D:1)
  5 orcs
  11 ball pythons
  5 bats
  6 endoplasms
  3 giant cockroaches
  5 hobgoblins
  8 kobolds
  15 frilled lizards (D:1)
  3 goblins
  4 rats
76 creatures vanquished.

Vanquished Creatures (others)
  161 foxfires
  3 plants (D:1)
164 creatures vanquished.

Grand Total: 240 creatures vanquished

Notes
Turn   | Place    | Note
-------+----------+-------------------------------------------
     0 | D:1      | Conn the Octopode Fire Elementalist began the quest for the
                  | Orb.
     0 | D:1      | Reached XP level 1. HP: 11/11 MP: 3/3
   119 | D:1      | Reached XP level 2. HP: 17/17 MP: 5/5
   333 | D:1      | Found a faded altar of an unknown god.
   559 | D:1      | Reached XP level 3. HP: 20/21 MP: 2/6
  1362 | D:2      | Reached skill level 3 in Stealth
  1961 | D:3      | Noticed an ogre
  1969 | D:3      | Killed an ogre
  1970 | D:3      | Reached XP level 4. HP: 27/27 MP: 1/8
  1970 | D:3      | Reached XP level 5. HP: 31/31 MP: 1/9
  2202 | D:3      | Reached skill level 4 in Stealth
  2984 | D:4      | Found Veagol's Magic Scroll Boutique.
  3291 | D:4      | Noticed a black bear
  3303 | D:4      | Killed a black bear
  3304 | D:4      | Reached XP level 6. HP: 24/36 MP: 6/11
  3477 | D:4      | Found a staircase to the Ecumenical Temple.
  3486 | D:4      | Reached skill level 5 in Stealth
  3494 | Temple   | Entered the Ecumenical Temple
  3589 | Temple   | Became a worshipper of Sif Muna the Loreminder
  3744 | D:5      | Entered Level 5 of the Dungeon
  3744 | D:5      | Found a bloodstained altar of Trog.
  3774 | D:5      | Reached XP level 7. HP: 17/42 MP: 9/12
  3998 | D:5      | Learned a level 2 spell: Scorch
  4002 | D:5      | Learned a level 3 spell: Conjure Flame
  4006 | D:5      | Learned a level 3 spell: Inner Flame
  4011 | D:5      | Learned a level 4 spell: Flame Wave
  4022 | D:5      | HP: 2/63 [poisoned by a killer bee]
  4022 | D:5      | Slain by a killer bee

Illustrated notes

Levels and vault maps discovered:
D:1:      saegor_arrival_simple_c, layout_loops_corners,
          ebering_ecumenical_altar_mist, chequers_serial_rivers_small_a,
          minivault_26, minmay_lizard_king
D:2:      layout_rooms
D:3:      layout_loops_corners, corexii_hall_statues_u
D:4:      layout_basic, minmay_temple_entry_purple_smoke, serial_shops,
          nicolae_shop_advertising_works [nicolae_subvault_shop_adworks]
D:5:      layout_gridville, mainiacjoe_overflow_large_starburst
Temple:   regret_index_temple_chain_breaker

Skill      XL: |  1  2  3  4  5  6 |
---------------+-------------------+-----
Stealth        | 3 4 5 |  5.3
Conjurations   | 2 |  2.9
Fire Magic     | 4 |  4.7
Spellcasting   | 3 |  3.9
Fighting       | |  0.4
Short Blades   | |  0.7
Throwing       | |  0.1
Dodging        | |  2.3

Action                   |  1- 3 |  4- 6 |  7- 9 || total
-------------------------+-------+-------+-------++-------
Melee: Dagger            |    28 |    17 |     5 ||    50
       Constrict         |     8 |     4 |     1 ||    13
       Tentacles         |     5 |     2 |       ||     7
Throw: Javelin           |       |     1 |       ||     1
 Cast: Foxfire           |    58 |    32 |     5 ||    95
       Scorch            |       |       |     1 ||     1
  Use: Potion            |       |     1 |     3 ||     4
       Scroll            |       |     2 |       ||     2
 Stab: Sleeping          |    10 |     5 |       ||    15
Armor: Skin              |     2 |       |       ||     2
Dodge: Dodged            |    33 |     7 |    11 ||    51

Table legend: (Time is in decaauts)
 A = Elapsed time spent in this place.
 B = Non-inter-level travel time spent in this place.
 C = Inter-level travel time spent in this place.
 D = Time resting spent in this place.
 E = Time spent auto-exploring this place.
 F = Levels seen in this place.
 G = Mean time per level.
                   A        B        C        D        E       F      G
               +--------+--------+--------+--------+--------+-----+--------+
         Total |   4017 |   3940 |     77 |      0 |   3095 |   6 |  669.5 |
       Dungeon |   3883 |   3821 |     62 |      0 |   3038 |   5 |  776.6 |
        Temple |    133 |    118 |     15 |      0 |     57 |   1 |  133.0 |
               +--------+--------+--------+--------+--------+-----+--------+

Top non-repeatable levels by time:
     D:1: 1186 daAuts
     D:3: 903 daAuts
     D:4: 846 daAuts
     D:2: 671 daAuts
     D:5: 276 daAuts
  Temple: 133 daAuts
